 Dungeon Crawl Stone Soup version 0.31.0-9-g3a7656b989 (webtiles) character file.

Game seed: 8467573938805219389

63 qw the Shooter (level 3, -3/18 HPs)
             Began as a Spriggan Hunter on Feb 2, 2024.
             Slain by a gnoll
             ... wielding a +0 flail
              (11 damage)
             ... on level 2 of the Dungeon.
             The game lasted 00:00:03 (908 turns).

qw the Shooter (Spriggan Hunter)                     Turns: 908, Time: 00:00:03

Health: -3/18      AC:  2    Str:  7    XL:     3   Next: 89%
Magic:  4/4        EV: 19    Int: 10    God:
Gold:   25         SH:  0    Dex: 20    Spells: 2/2 levels left

rFire   . . .        a - +0 shortbow
rCold   . . .        (shield currently unavailable)
rNeg    . . .        c - +0 robe
rPois   .            (helmet restricted)
rElec   .            (no cloak)
rCorr   .            (gloves unavailable)
SInv    +            (boots unavailable)
Will    .....        (no amulet)
Stlth   ++           (no ring)
HPRegen 0.23/turn    (no ring)
MPRegen 0.09/turn

%: no passive effects
@: very quick
A: very small, no large weapons, unfitting armour, see invisible, speed 3
a: no special abilities


You were on level 2 of the Dungeon.
You visited 1 branch of the dungeon, and saw 2 of its levels.

You collected 25 gold pieces.


Innate Abilities, Weirdness & Mutations

You are very small and have problems with some larger weapons.
You are too small for most types of armour.
You have supernaturally acute eyesight. (SInv)
You cover ground extremely quickly. (Speed+++)


   Skills:
 - Level 1.5 Fighting
 - Level 5.0 Ranged Weapons
 + Level 4.1 Dodging
 - Level 1.5 Stealth


You had 2 spell levels left.
You didn't know any spells.
Your spell library was empty.

Inventory:

Hand Weapons
 a - a +0 shortbow (weapon)
Armour
 b - a scarf of invisibility
 c - a +0 robe (worn)
Potions
 e - 2 potions of heal wounds
 h - a potion of curing {unknown}
 i - a potion of haste {unknown}

Dungeon Overview and Level Annotations

Branches:
Dungeon (2/15)

Altars:


Message History

You shoot an arrow.
The arrow hits Jessica but does no damage.
A ball python comes into view.
Jessica gestures at you while chanting. Pain shoots through your body!
A bat comes into view.
You shoot an arrow. The ball python hisses angrily.
The arrow hits the bat.
The bat is moderately wounded.
The bat barely misses you.
A gnoll comes into view. It is wielding a +0 flail.
Jessica mumbles some strange words.
Jessica blinks!
The bat barely misses you.
You shoot an arrow. The gnoll shouts!
The arrow hits the bat.
You kill the bat!
A goblin comes into view. It is wielding a +0 dagger.
You shoot an arrow. The goblin shouts!
The arrow hits Jessica.
Jessica is heavily wounded.
You hear a shout!
Jessica hits you but does no damage.
You hear a shout!
You shoot an arrow. The arrow hits Jessica!
You kill Jessica!
Your Ranged Weapons skill increases to level 5!
You shoot an arrow. The arrow hits the ball python!
You kill the ball python!
906 ||| FLEEEEING.
You shoot an arrow. The arrow hits the gnoll!
The gnoll is heavily wounded.
The gnoll completely misses you.
You shoot an arrow. The arrow hits the gnoll.
The gnoll is almost dead.
The gnoll hits you with a +0 flail!
Ouch! That really hurt!
You die...

#####.#### #.
######.#### #.
#........). #.##
##.####.####
#g.####..####.#### #...
....####.####
..##########.####
####g##.............
#..@.##.###.###.####
#.#### #.# #.# # #.# #.#
#.# # #.# # # #.# #.# #
#.#####.###.###.# #
#<..............# #
#.%####.#........###....
#............###.# #####
##.####.#........#


You could see a gnoll.

Vanquished Creatures
  Jessica (D:2)
  A gnoll (D:2)
  A ribbon worm (D:2)
  A dart slug (D:1)
  4 bats
  An endoplasm (D:2)
  2 giant cockroaches
  4 goblins (D:1)
  A hobgoblin (D:1)
  3 ball pythons
  5 kobolds
  2 rats
26 creatures vanquished.

Notes
Turn   | Place    | Note
-------+----------+-------------------------------------------
     0 | D:1      | qw the Spriggan Hunter began the quest for the Orb.
     0 | D:1      | Reached XP level 1. HP: 10/10 MP: 2/2
     0 | D:1      | 0 ||| qw: Version: 0.3-a-155-g5e7d8dd
     0 | D:1      | 0 ||| qw: Game counter: 1050
     0 | D:1      | 0 ||| qw: Melee chars always use a shield: true
     0 | D:1      | 0 ||| qw: God list: Okawaru
     0 | D:1      | 0 ||| qw: Allow faded altars: false
     0 | D:1      | 0 ||| qw: Do Orc after clearing Dungeon:15 true
     0 | D:1      | 0 ||| qw: Do second Lair branch before Depths: true
     0 | D:1      | 0 ||| qw: Lair rune preference: random
     0 | D:1      | 0 ||| qw: Goals: Normal
     0 | D:1      | 0 ||| PLANNING D:1-11
    36 | D:1      | Reached skill level 3 in Dodging
   196 | D:1      | Reached XP level 2. HP: 8/14 MP: 3/3
   633 | D:1      | 633 ||| READING scroll labelled OLLAZU TALAA.
   633 | D:1      | 633 ||| ENCHANTING +0 shortbow.
   634 | D:1      | 634 ||| READING scroll labelled MEEKHLI TEKLE.
   635 | D:1      | 635 ||| READING scroll labelled CAORRINEC.
   639 | D:1      | 639 ||| DRINKING 3 fuming golden potions.
   640 | D:1      | 640 ||| DROPPING scroll of butterflies.
   719 | D:2      | 719 ||| READING scroll labelled RUACZU UCLU.
   739 | D:2      | Reached XP level 3. HP: 18/18 MP: 4/4
   897 | D:2      | Noticed Jessica
   904 | D:2      | Killed Jessica
   905 | D:2      | Reached skill level 5 in Ranged Weapons
   906 | D:2      | 906 ||| FLEEEEING.
   908 | D:2      | Slain by a gnoll

Levels and vault maps discovered:
D:1:      minmay_arrival_jagged, layout_loops_cross
D:2:      minmay_general_purpose_star, layout_loops_ring, reono_crystal_passage,
          minmay_tetromino_t2, uniq_jessica

Skill      XL: |  1  2  3 |
---------------+----------+-----
Dodging        | 3 4 |  4.1
Ranged Weapons | 5 |  5.0
Fighting       | |  1.5
Stealth        | |  1.5

Action                     || total
---------------------------++-------
   Fire: Shortbow          ||    84
    Use: Scroll            ||     4
         Potion            ||     1
 Armour: Robe              ||    12
  Dodge: Dodged            ||    25

Table legend:
 A = Non-vault XP
 B = Vault XP
 C = Vault XP percentage of total XP
 D = Non-vault monster count
 E = Vault monster count
 F = Vault count percentage of total count
                 A         B        C        D         E       F
            +---------+---------+-------+---------+---------+-------
      Total |      54 |      37 |  40.7 |      25 |       1 |   3.8
            +---------+---------+-------+---------+---------+-------
        D:1 |      26 |       0 |   0.0 |      16 |       0 |   0.0
        D:2 |      28 |      37 |  56.9 |       9 |       1 |  10.0
            +---------+---------+-------+---------+---------+-------
